 Dungeon Crawl Stone Soup version 0.30-a0-272-gf98c3da03f (webtiles) character file.

Game seed: 10735082374262361466

252 Zonian the Ducker (level 6, -1/40 HPs)
             Began as a Djinni Ice Elementalist on Oct 15, 2022.
             Slain by a black bear (3 damage)
             ... on level 4 of the Dungeon.
             The game lasted 00:09:32 (4824 turns).

Zonian the Ducker (Djinni Ice Elementalist)         Turns: 4824, Time: 00:09:33

Health: -1/40      AC:  2    Str:  7    XL:     6   Next: 36%
Gold:   176        EV: 14    Int: 16    God:
                   SH:  0    Dex: 16

rFire   + + +      SeeInvis .    i - +2 hand axe (elec)
rCold   . . .      Faith    .    (no shield)
rNeg    . . .      Spirit   .    a - +0 robe
rPois   ∞          Reflect  .    (no helmet)
rElec   +          Harm     .    h - scarf {repulsion}
rCorr   +          Rampage  .    (no gloves)
Will    .....                    (boots unavailable)
Stlth   ++........               (no amulet)
HPRegen 0.26/turn                (no ring)
MPRegen 0.00/turn                (no ring)

@: resistant, flying, hasted, repel missiles, very quick
A: sickness immunity, fire resistance 2, cold vulnerability 1, float, innate
caster, HP casting, extra vitality 1
a: no special abilities


You were on level 4 of the Dungeon.
You visited 1 branch of the dungeon, and saw 4 of its levels.

You collected 176 gold pieces.

Inventory:

Hand Weapons
 b - a +0 dagger
 e - a +0 spectral dagger
 i - a +2 hand axe of electrocution (weapon)
Armour
 a - a +0 robe (worn)
 h - a scarf of repulsion (worn)
Scrolls
 m - a scroll of identify
Potions
 d - a potion of degeneration {unknown}
 f - a potion of magic {unknown}
 g - 2 potions of mutation
 j - a potion of curing {unknown}


   Skills:
 + Level 4.3 Dodging
 + Level 3.3 Stealth
 + Level 4.2 Spellcasting


You couldn't memorise any spells.
You knew the following spells:

 Your Spells              Type           Power      Damage    Failure   Level
a - Freeze                Ice            64%        1d7       3%          1
b - Frozen Ramparts       Ice            32%        1d5       9%          3
c - Ozocubu's Armour      Ice            16%        N/A       9%          3
d - Summon Ice Beast      Ice/Summ       16%        N/A       28%         4
e - Sting                 Tmut/Pois      64%        1d6       3%          1
f - Blink                 Tloc           32%        N/A       4%          2
Your spell library was empty.

Dungeon Overview and Level Annotations

Branches:
Dungeon (4/15)
 Temple: D:4-7

Altars:
Okawaru
Yredelemnul

Annotations:
D:2 Sigmund
D:3 2 transporters


Innate Abilities, Weirdness & Mutations

You are immune to sickness and miasma.
You are immune to poison.
Your flesh is very heat resistant. (rF++)
You are vulnerable to cold. (rC-)
You float through the air rather than walking.
You learn spells naturally, not from books.
Your magical power is your life essence.
You have superior vitality. (+4 MHP)


Message History

Okay, then.
Casting: Freeze (safe; 3% risk of failure)
Confirm with . or Enter, or press ? or * to list all spells.
Okay, then.
Okay, then.
Throw: throwing net
Press: ? - help, Shift-Dir - straight line, f - black bear
Aim: a black bear (67% to hit)
You throw a throwing net.
The throwing net barely misses the black bear.
The throwing net closely misses the orc.
The black bear bites you. The black bear claws you. x2
It was a potion of resistance.
You feel protected. The adder bites you. The black bear barely misses you.
The black bear claws you. x2
You closely miss the black bear. You barely miss the adder.
A jackal comes into view.
The adder closely misses you. The black bear bites you.
The black bear barely misses you.
The black bear claws you but does no damage.
The adder barely misses you.
An orc comes into view. It is wielding a +0 club.
The black bear bites you. The black bear closely misses you.
The black bear claws you.
* * * LOW HITPOINT WARNING * * *
You barely miss the black bear. You barely miss the jackal.
You completely miss the adder. The jackal misses you. The adder bites you.
* * * LOW HITPOINT WARNING * * *
The black bear barely misses you. The black bear claws you.
* * * LOW HITPOINT WARNING * * *
The black bear barely misses you. The jackal bites you.
* * * LOW HITPOINT WARNING * * *
The adder bites you but does no damage.
It was a potion of haste.
You feel yourself speed up. The jackal misses you.
The adder closely misses you. The orc barely misses you.
The black bear closely misses you. The black bear claws you.
* * * LOW HITPOINT WARNING * * *
The black bear claws you.
You die...

#..(.. ....(
#.....###....#
#........ho.#
##...........
...........#
...........# #
......hSh..##.# ..
......)@o........
..###......#....
#......# .#
##.....####.##......#
...........#...#.......
#......................
#........##.....###.....
##.......#......#.#...#.
##.#....#............#.


You could see a black bear, an adder, 2 orcs and 2 jackals.

Vanquished Creatures
  A howler monkey (D:4)
  Jessica (D:2)
  Terence (D:2)
  Robin (D:2)
  4 gnolls (D:2)
  4 adders
  A worm (D:3)
  2 dart slugs (D:1)
  2 orcs (D:3)
  5 endoplasms
  4 giant cockroaches
  16 goblins
  A hobgoblin (D:4)
  2 jackals (D:3)
  4 quokkas
  4 ball pythons
  5 bats
  A frilled lizard (D:3)
  7 kobolds
  7 rats
73 creatures vanquished.

Vanquished Creatures (others)
  5 withered plants (D:2)
5 creatures vanquished.

Grand Total: 78 creatures vanquished

Notes
Turn   | Place    | Note
-------+----------+-------------------------------------------
     0 | D:1      | Zonian the Djinni Ice Elementalist began the quest for the
                  | Orb.
     0 | D:1      | Zonian set off with the following spells memorised: Freeze,
                  | Frozen Ramparts, Ozocubu's Armour, Summon Ice Beast.
     0 | D:1      | Reached XP level 1. HP: 15/15 MP: 0/0
   105 | D:1      | Reached XP level 2. HP: 21/21 MP: 0/0
   598 | D:1      | Reached XP level 3. HP: 24/25 MP: 0/0
   598 | D:1      | Learned a level 1 spell: Sting
   747 | D:2      | Noticed Terence
   810 | D:2      | Noticed Jessica
   820 | D:2      | Killed Jessica
  1124 | D:2      | Reached XP level 4. HP: 24/31 MP: 0/0
  1302 | D:2      | Identified the +2 helmet of Dyspraxia {Harm rElec Will+
                  | rCorr}
  1302 | D:2      | Noticed Robin
  1785 | D:3      | Found an iron altar of Okawaru.
  1785 | D:3      | Found a basalt altar of Yredelemnul.
  1787 | D:3      | Noticed a centaur
  1789 | D:3      | Found a transporter.
  1791 | D:3      | Noticed an ice beast
  1862 | D:3      | Found a transporter.
  2096 | D:3      | Identified the +6 trident of Dithmenos, Inviting {venom,
                  | Int+4}
  2108 | D:3      | Found a faded altar of an unknown god.
  2626 | D:2      | Reached XP level 5. HP: 11/35 MP: 0/0
  2626 | D:2      | Learned a level 2 spell: Blink
  3547 | D:2      | HP: 1/35 [Terence/+0 mace (1)]
  3551 | D:2      | Killed Terence
  3888 | D:2      | Noticed Sigmund
  4021 | D:2      | Killed Robin
  4022 | D:2      | Reached XP level 6. HP: 9/40 MP: 0/0
  4815 | D:4      | Noticed a black bear
  4824 | D:4      | HP: 2/40 [black bear (4)]
  4824 | D:4      | Slain by a black bear

Illustrated notes

Levels and vault maps discovered:
D:1:      ebering_trefoil_3fold, layout_rooms,
          nicolae_concentric_dashed_squares_mild, serial_bayou_pond_e
D:2:      layout_basic, chequers_mini_garden, dilly_guarded_unrand_morg,
          uniq_sigmund, uniq_terence, uniq_robin, uniq_jessica
D:3:      layout_basic, gammafunk_temple_overflow_arena,
          ebering_ecumenical_altar_sacrificial
D:4:      layout_cave_pools, kennysheep_mini_moat

Skill      XL: |  1  2  3  4  5 |
---------------+----------------+-----
Stealth        | 2 3 |  3.3
Dodging        | 3 4 |  4.3
Spellcasting   | 4 |  4.2

Action                   |  1- 3 |  4- 6 || total
-------------------------+-------+-------++-------
Melee: Dagger            |    32 |   137 ||   169
       Unarmed           |     2 |       ||     2
       Punch             |     1 |     3 ||     4
       Hand axe          |       |    13 ||    13
Throw: Throwing net      |       |     2 ||     2
 Cast: Freeze            |    22 |    10 ||    32
  Use: Scroll            |       |     5 ||     5
       Potion            |       |     2 ||     2
 Stab: Sleeping          |     2 |     7 ||     9
Armor: Robe              |    12 |    22 ||    34
Dodge: Dodged            |    36 |   119 ||   155
       Repelled          |       |     1 ||     1

Table legend: (Time is in decaauts)
 A = Elapsed time spent in this place.
 B = Non-inter-level travel time spent in this place.
 C = Inter-level travel time spent in this place.
 D = Time resting spent in this place.
 E = Time spent auto-exploring this place.
 F = Levels seen in this place.
 G = Mean time per level.
                   A        B        C        D        E       F      G
               +--------+--------+--------+--------+--------+-----+--------+
         Total |   4830 |   4666 |    164 |   2395 |   1436 |   4 | 1207.5 |
       Dungeon |   4830 |   4666 |    164 |   2395 |   1436 |   4 | 1207.5 |
               +--------+--------+--------+--------+--------+-----+--------+

Top non-repeatable levels by time:
     D:2: 2029 daAuts
     D:3: 1867 daAuts
     D:1: 780 daAuts
     D:4: 153 daAuts
